 Dungeon Crawl Stone Soup version 0.28.0-1-gb440e238dd (webtiles) character file.

Game seed: 8677722406734854408

795 experimilk the Vexing (level 8, -4/47 HPs)
             Began as a Kobold Arcane Marksman on Feb 27, 2022.
             Was an Initiate of Ashenzari.
             Killed from afar by Dowan (25 damage)
             ... with a shard of ice
             ... on level 5 of the Dungeon.
             The game lasted 00:27:34 (8232 turns).

experimilk the Vexing (Kobold Arcane Marksman)      Turns: 8232, Time: 00:27:35

Health: -4/47      AC:  7    Str:  7    XL:     8   Next: 13%
Magic:  18/18      EV: 17    Int: 15    God:    Ashenzari [......]
Gold:   200        SH:  5    Dex: 23    Spells: 3/9 levels left

rFire   . . .      SeeInvis .   b - +1 demon whip (elec)
rCold   . . .      Faith    .   (no shield)
rNeg    . . .      Spirit   .   l - +1 leather armour
rPois   .          Reflect  +   (no helmet)
rElec   .          Harm     .   h - +0 cloak
rCorr   .          Rampage  .   u - +0 pair of gloves
Will    .....                   n - +0 pair of boots
Stlth   +++.......              e - amulet of reflection
HPRegen 0.15/turn               k - +6 ring of dexterity
MPRegen 0.16/turn               r - ring of magical power

@: no status effects
A: small, no large weapons, nightstalker 3
a: Renounce Religion


You were on level 5 of the Dungeon.
You worshipped Ashenzari.
Ashenzari was noncommittal.
You visited 2 branches of the dungeon, and saw 7 of its levels.

You collected 200 gold pieces.

Inventory:

Hand Weapons
 a - a +0 hand crossbow
 b - a +1 demon whip of electrocution (weapon)
 o - a +0 flail
 y - a +0 mace of holy wrath
Missiles
 c - 50 bolts
Armour
 d - a +0 robe
 h - a +0 cloak (worn)
 i - a +0 ring mail
 l - a +1 leather armour (worn)
 n - a +0 pair of boots (worn)
 u - a +0 pair of gloves (worn)
Jewellery
 e - an amulet of reflection (around neck)
 j - a ring of see invisible
 k - a +6 ring of dexterity (left hand)
 m - a +6 ring of intelligence
 r - a ring of magical power (right hand)
 s - a ring of resist corrosion
 z - an amulet of magic regeneration
Scrolls
 q - 4 scrolls of identify
 t - a scroll of fog
 w - a scroll of blinking
 x - a scroll of vulnerability {unknown}
 B - a scroll of fear {unknown}
Potions
 f - a potion of attraction
 g - a potion of might {unknown}
 p - a potion of heal wounds {unknown}
 v - a potion of berserk rage {unknown}
 A - a potion of curing


   Skills:
 + Level 3.6 Fighting
 * Level 5.3 Crossbows
 + Level 4.6 Dodging
 - Level 1.1 Spellcasting
 * Level 5.8 Hexes
 + Level 1.6 Translocations
 + Level 1.7 Fire Magic


You had 3 spell levels left.
You knew the following spells:

 Your Spells              Type           Power      Damage    Failure   Level
a - Slow                  Hex            72%        N/A       3%          1
b - Inner Flame           Hex/Fire       12%        N/A       24%         3
c - Blink                 Tloc           10%        N/A       28%         2

Your spell library contained the following spells:

 Spells                   Type           Power      Damage    Failure   Level
 Portal Projectile        Hex/Tloc       24%        N/A       24%         3
 Cause Fear               Hex            9%         N/A       32%         4
 Summon Mana Viper        Hex/Summ       9%         N/A       97%         5
 Manifold Assault         Tloc           5%         N/A       99%         5
 Summon Forest            Summ/Tloc      1%         N/A       100%        5
 Summon Cactus Giant      Summ           0%         N/A       100%        6
 Storm Form               Tmut/Air       0%         N/A       100%        7


Dungeon Overview and Level Annotations

Branches:
Dungeon (6/15)             Temple (1/1) D:4

Altars:
Ashenzari
Cheibriados
Dithmenos
Elyvilon
Gozag
Kikubaaqudgha
Makhleb
Qazlal
Uskayaw
Vehumet
Yredelemnul
Zin
The Shining One

Annotations:
D:3 3 runed translucent doors, ApathyGirl's ghost, amateur MiFi
D:5 Dowan


Innate Abilities, Weirdness & Mutations

You are small and have problems with some larger weapons.
You are completely attuned to the shadows.


Message History

Duvessa hits you with a +0 short sword. x2
You hit Duvessa.
You kill Duvessa!
Dowan's eyes darken. "You have made a black mistake."
Dowan seems to find hidden reserves of power!
Dowan hits you but does no damage.
You have reached level 8!
Unknown command.
You barely miss Dowan. You block Dowan's attack.
You hit Dowan.
Dowan is moderately wounded.
Dowan points at you and mumbles some strange words.
The stone arrow misses you.
Dowan breathes, "And she was my only..."
Dowan casts a spell.
Dowan blinks!
There is an open door, spattered with blood here.
Things that are here:
a +0 short sword; a +0 leather armour; the elf corpse of Duvessa You closely miss Dowan.
Dowan is moderately wounded.
You block Dowan's attack. x2
You closely miss Dowan.
Dowan is moderately wounded.
You block Dowan's attack. Dowan completely misses you.
You completely miss Dowan.
Dowan is lightly wounded.
You block Dowan's attack.
You hit Dowan. Lightning courses through Dowan!
Dowan is almost dead.
Dowan gestures wildly while chanting.
Dowan blinks!
Dowan casts a spell.
Dowan blinks!
Dowan gestures wildly while chanting.
Dowan blinks!
You block Dowan's attack. Dowan gestures at you while chanting.
The shard of ice hits you!!
Ouch! That really hurt!
You die...

#. ##..## ...#
#..## ......##
##..## ...#...#
..?...##..##.#.#
###....#.###.#.##.
####..##.)......
##.e###e#.###
##..##.#.#
#...#@..#
###...### ##..#
##.# ###


You could see Dowan (fast).

Vanquished Creatures
  Duvessa (D:5)
  A water moccasin (D:3)
  A black bear (D:5)
  A necrophage (D:4)
  A phantom (D:5)
  2 hounds (D:5)
  An iguana (D:4)
  3 orc wizards
  8 gnolls
  2 adders (D:4)
  A worm (D:3)
  4 dart slugs
  6 orcs
  3 endoplasms
  2 giant cockroaches
  13 goblins
  8 hobgoblins
  12 kobolds
  3 quokkas
  4 ball pythons
  2 bats
  A frilled lizard (D:1)
  A hobgoblin zombie (D:5)
  4 rats
85 creatures vanquished.

Notes
Turn   | Place    | Note
-------+----------+-------------------------------------------
     0 | D:1      | experimilk the Kobold Arcane Marksman began the quest for
                  | the Orb.
     0 | D:1      | Reached XP level 1. HP: 12/12 MP: 2/2
    91 | D:1      | Reached XP level 2. HP: 16/16 MP: 3/3
   596 | D:1      | Reached XP level 3. HP: 18/20 MP: 4/4
   669 | D:1      | Learned a level 3 spell: Inner Flame
  1646 | D:2      | Found a faded altar of an unknown god.
  2193 | D:2      | Reached XP level 4. HP: 26/26 MP: 5/5
  3369 | D:3      | Found a runed translucent gate.
  3370 | D:3      | Found a runed translucent gate.
  3370 | D:3      | Noticed a kobold brigand
  3370 | D:3      | Noticed ApathyGirl's ghost (amateur MiFi)
  3371 | D:3      | Found a runed translucent gate.
  3511 | D:3      | HP: 1/26 [orc wizard/magic dart (2)]
  3513 | D:3      | Reached XP level 5. HP: 1/31 MP: 6/6
  4153 | D:3      | Noticed a water moccasin
  4481 | D:3      | Identified the +4 hunting sling "Azohuk" {flame, rCorr
                  | Str+2 Int-5}
  4624 | D:3      | Killed a water moccasin
  4625 | D:3      | Reached XP level 6. HP: 20/37 MP: 2/7
  5062 | D:3      | You fall into a shaft and drop 1 floor!
  5877 | D:4      | Found a staircase to the Ecumenical Temple.
  5883 | Temple   | Entered the Ecumenical Temple
  5984 | Temple   | Became a worshipper of Ashenzari the Shackled
  6583 | D:4      | Reached skill level 5 in Hexes
  6591 | D:4      | Learned a level 2 spell: Blink
  6596 | D:4      | Noticed a necrophage
  6618 | D:4      | Killed a necrophage
  6619 | D:4      | Reached XP level 7. HP: 30/41 MP: 8/8
  7641 | D:5      | Entered Level 5 of the Dungeon
  7782 | D:5      | Noticed a vampire
  7891 | D:5      | Reached skill level 1 in Translocations
  7891 | D:5      | Reached skill level 1 in Fire Magic
  8013 | D:5      | Reached skill level 5 in Crossbows
  8168 | D:5      | Noticed Dowan
  8169 | D:5      | Noticed Duvessa
  8220 | D:5      | Killed Duvessa
  8221 | D:5      | Reached XP level 8. HP: 19/47 MP: 9/9
  8232 | D:5      | Killed from afar by Dowan

Illustrated notes

Levels and vault maps discovered:
D:1:      wander_arrival_lonely_grave, layout_loops_ring, feat_on_display
D:2:      layout_loops_corners, hellmonk_ecumenical_altar_lost_god
D:3:      layout_loops_corners, gammafunk_ghost_nasty_kobolds
D:4:      layout_basic, minmay_temple_entry_butterflies
D:5:      layout_loops_cross, nicolae_ossuary_entry_giza, uniq_edmund,
          uniq_duvessa, uniq_eustachio
D:6:      layout_layer_cave, serial_shops, shop
Temple:   cyrus_circular_temple

Skill      XL: |  1  2  3  4  5  6  7 |
---------------+----------------------+-----
Crossbows      | 3 4 5 |  5.3
Dodging        | 3 4 |  4.6
Fighting       | 2 3 |  3.6
Hexes          | 4 5 |  5.8
Translocations | 1 |  1.6
Fire Magic     | 1 |  1.7
Spellcasting   | |  1.1

Action                   |  1- 3 |  4- 6 |  7- 9 || total
-------------------------+-------+-------+-------++-------
Melee: Flail             |    46 |    38 |       ||    84
       Punch             |     1 |     1 |       ||     2
       Mace              |       |    11 |    30 ||    41
       Demon whip        |       |       |    35 ||    35
 Fire: Hand crossbow     |    39 |    96 |    61 ||   196
 Cast: Slow              |     4 |    17 |    11 ||    32
  Use: Scroll            |     3 |     6 |     1 ||    10
       Potion            |       |     1 |     1 ||     2
 Stab: Sleeping          |     2 |       |       ||     2
Armor: Robe              |     3 |       |       ||     3
       Leather armour    |     3 |    38 |    28 ||    69
Dodge: Dodged            |    30 |    75 |   111 ||   216
Block: Other             |     6 |    18 |    43 ||    67
       Reflection        |       |       |     1 ||     1
